[Event "Titled Tuesday Blitz March 07 Early 2023"]
[White "Decuigniere, Tom"]
[Black "Yuan, Qingyu"]
[WhiteFideId "26093820"]
[BlackFideId "8609772"]
[WhiteElo "2312"]
[BlackElo "2359"]
[Result "1-0"]
[Round "06"]
[TimeControl "180+2"]
[Date "2023.03.07"]
[WhiteClock "0:00:26"]
[BlackClock "0:00:02"]

1. c4 e6 2. Nc3 d5 3. d4 Be7 4. cxd5 exd5 5. Bf4 c6 6. e3 Bf5 7. g4 Be6 8. Bd3 Nd7 9. h3 h5 10. gxh5 Ngf6 11. h6 g6 12. Nge2 Nh5 13. Qc2 Nxf4 14. Nxf4 Nf8 15. Nxe6 Nxe6 16. h7 Qd6 17. O-O-O Rxh7 18. f4 O-O-O 19. f5 gxf5 20. Bxf5 Rh6 21. Kb1 Kb8 22. Rhf1 Ng5 23. e4 dxe4 24. Nxe4 Nxe4 25. Qxe4 Bf6 26. Bg4 Bxd4 27. Qf4 Be5 28. Rxd6 Rhxd6 29. Qxe5 a6 30. a3 Ka7 31. Rxf7 Rd5 32. Qe7 Rb8 33. Bf3 Re5 34. Qxe5 1-0


[Site "https://www.chess.com"]

[Event "Titled Tuesday Blitz March 07 Early 2023"]
[White "Derjabin, Ilja"]
[Black "Bharath Subramaniyam H"]
[WhiteFideId "14104768"]
[BlackFideId "46634827"]
[WhiteElo "2309"]
[BlackElo "2395"]
[Result "0-1"]
[Round "06"]
[TimeControl "180+2"]
[Date "2023.03.07"]
[WhiteClock "0:00:01"]
[BlackClock "0:00:14"]

1. d4 Nf6 2. c4 e6 3. Nc3 c5 4. d5 exd5 5. cxd5 d6 6. e4 g6 7. Nge2 Bg7 8. Ng3 O-O 9. Be2 a6 10. a4 Nbd7 11. O-O h5 12. Bg5 Qa5 13. Qd2 Re8 14. f4 Nh7 15. Bh4 Qb4 16. Kh1 Rb8 17. Qc2 b5 18. axb5 axb5 19. Ra3 c4 20. Bxh5 Nc5 21. f5 gxh5 22. Nxh5 Bxc3 23. Rxc3 Nxe4 24. Qe2 Bxf5 25. Rxf5 Neg5 26. Qg4 Qxb2 27. Rxg5+ Kh8 28. Rg8+ Rxg8 29. Qd4+ f6 30. Bxf6+ Nxf6 31. Qxf6+ Kh7 32. Qf5+ Rg6 33. Qf7+ Kh6 34. Qf4+ Kh7 35. Qf7+ Kh8 36. Rg3 Qc1+ 0-1


[Site "https://www.chess.com"]

[Event "Titled Tuesday Blitz March 07 Early 2023"]
[White "Andreev, Konstantin"]
[Black "Harsh Suresh"]
[WhiteFideId "24239305"]
[BlackFideId "45018464"]
[WhiteElo "2106"]
[BlackElo "2227"]
[Result "0-1"]
[Round "06"]
[TimeControl "180+2"]
[Date "2023.03.07"]
[WhiteClock "0:01:16"]
[BlackClock "0:00:30"]

1. e4 c5 2. Nf3 g6 3. d4 cxd4 4. Nxd4 Nc6 5. Nc3 Bg7 6. Be3 Nf6 7. Bc4 O-O 8. Bb3 Ng4 9. Qxg4 Nxd4 10. O-O-O d5 11. Qg3 Nxb3+ 12. cxb3 d4 13. Kb1 e5 14. Bg5 f6 15. Bc1 Be6 16. f4 Rc8 17. h4 Qc7 18. Nd5 Qc2+ 19. Ka1 Bxd5 20. exd5 e4 21. h5 gxh5 22. a3 f5 23. Rxd4 h4 24. Qg5 h6 25. Qg6 Rf6 26. Qh5 Ra6 27. Ra4 Qxb3 28. Rxa6 Rxc1+ 0-1


[Site "https://www.chess.com"]

[Event "Titled Tuesday Blitz March 07 Early 2023"]
[White "Walentukiewicz, Michal"]
[Black "Lazavik, Denis"]
[WhiteFideId "1126903"]
[BlackFideId "13515110"]
[WhiteElo "2028"]
[BlackElo "2560"]
[Result "1/2-1/2"]
[Round "06"]
[TimeControl "180+2"]
[Date "2023.03.07"]
[WhiteClock "0:01:18"]
[BlackClock "0:01:02"]

1. g3 d5 2. Bg2 e5 3. c4 c6 4. Qc2 Nf6 5. d3 h6 6. Nf3 Bd6 7. O-O O-O 8. Nbd2 Re8 9. e4 dxe4 10. dxe4 a5 11. b3 Na6 12. a3 Qe7 13. Bb2 Bd7 14. Nh4 Rad8 15. Rfe1 Bc5 16. h3 Bc8 17. Ndf3 Qc7 18. Bc3 g6 19. Qb2 Nd7 20. b4 axb4 21. axb4 Bf8 22. Kh2 Bg7 23. Bf1 Nf8 24. c5 Nb8 25. Ra7 Qe7 26. Nd2 Ne6 27. Nc4 Nd4 28. Bxd4 Rd7 29. Be3 1/2-1/2


[Site "https://www.chess.com"]

[Event "Titled Tuesday Blitz March 07 Early 2023"]
[White "Kramnik, Vladimir"]
[Black "Fernandez Guillen, Ernesto J."]
[WhiteFideId "4101588"]
[BlackFideId "3512428"]
[WhiteElo "2712"]
[BlackElo "2423"]
[Result "1-0"]
[Round "06"]
[TimeControl "180+2"]
[Date "2023.03.07"]
[WhiteClock "0:01:13"]
[BlackClock "0:00:14"]

1. Nf3 Nf6 2. g3 g6 3. Bg2 Bg7 4. O-O d5 5. c4 O-O 6. d4 c6 7. Ne5 Nbd7 8. Nc3 dxc4 9. Nxc4 Nb6 10. Ne5 Nfd7 11. Nf3 e5 12. Bg5 Qe8 13. Ne4 exd4 14. Nxd4 Qe5 15. e3 Nf6 16. Bxf6 Bxf6 17. Nxf6+ Qxf6 18. Rc1 Be6 19. a4 Bd5 20. a5 Bxg2 21. Kxg2 Nd5 22. a6 Qe7 23. Qf3 Rac8 24. axb7 Qxb7 25. Rfd1 Ne7 26. Rc2 Rfe8 27. Rdc1 Qb6 28. Nxc6 Nxc6 29. Rxc6 Rxc6 30. Rxc6 Qxc6 31. Qxc6 1-0


[Site "https://www.chess.com"]

[Event "Titled Tuesday Blitz March 07 Early 2023"]
[White "Keymer, Vincent"]
[Black "Goltsev, Dmitry"]
[WhiteFideId "12940690"]
[BlackFideId "24176710"]
[WhiteElo "2651"]
[BlackElo "2336"]
[Result "1-0"]
[Round "06"]
[TimeControl "180+2"]
[Date "2023.03.07"]
[WhiteClock "0:00:09"]
[BlackClock "0:00:24"]

1. a3 g6 2. Nf3 Bg7 3. c4 d5 4. cxd5 Qxd5 5. Nc3 Qd8 6. d4 c6 7. h3 Nf6 8. e4 Nbd7 9. Be2 O-O 10. O-O Re8 11. Be3 e5 12. dxe5 Nxe5 13. Nxe5 Qxd1 14. Raxd1 Rxe5 15. f4 Re8 16. e5 Nd7 17. Ne4 Nb6 18. Nd6 Re7 19. Bc5 Be6 20. Nc8 Rd7 21. Nxb6 axb6 22. Rxd7 Bxd7 23. Bxb6 Be6 24. Rd1 Bd5 25. Bd4 Rd8 26. Kf2 h5 27. Bc3 Bf8 28. Bf3 Bc5+ 29. Kg3 h4+ 30. Kxh4 Bf2+ 31. Kg5 Be3 32. Bxd5 cxd5 33. Bd4 Bxd4 34. Rxd4 Kg7 35. g4 Rh8 36. Rxd5 Rxh3 37. Rd7 Rb3 38. e6 Rb5+ 39. f5 Rxb2 40. f6+ Kg8 41. exf7+ Kf8 42. Kxg6 1-0


[Site "https://www.chess.com"]

[Event "Titled Tuesday Blitz March 07 Early 2023"]
[White "De Silva, L M S T"]
[Black "Drygalov, Sergey"]
[WhiteFideId "9953698"]
[BlackFideId "24171743"]
[WhiteElo "2403"]
[BlackElo "2533"]
[Result "1-0"]
[Round "06"]
[TimeControl "180+2"]
[Date "2023.03.07"]
[WhiteClock "0:00:10"]
[BlackClock "0:00:09"]

1. e4 c5 2. Nf3 d6 3. Bb5+ Nd7 4. Ba4 Nf6 5. O-O a6 6. c4 e6 7. d4 cxd4 8. Qxd4 Be7 9. Nc3 O-O 10. Rd1 Qc7 11. Bxd7 Bxd7 12. Bf4 Rac8 13. Bxd6 Bxd6 14. Qxd6 Qxd6 15. Rxd6 Bc6 16. e5 Bxf3 17. exf6 Bc6 18. fxg7 Kxg7 19. c5 Kf6 20. b4 Rg8 21. g3 h5 22. Rad1 Rg4 23. a3 Rcg8 24. Nd5+ Bxd5 25. R1xd5 h4 26. Kg2 Rc4 27. Rd3 Rh8 28. Rd7 h3+ 29. Kf3 Rc1 30. Rxb7 Rh1 31. Kg4 Rxh2 32. Rf3+ Ke5 33. Rfxf7 Rh1 34. Rh7 Rg8+ 35. Rbg7 Rxg7+ 36. Rxg7 Ke4 37. Rh7 h2 38. c6 e5 39. c7 Rc1 40. Rxh2 Rxc7 41. f3+ Ke3 42. Kf5 Re7 43. f4 e4 44. Kf6 Re8 45. f5 Kf3 46. Kf7 Rb8 47. f6 Kxg3 48. Rb2 Kf3 49. Kg7 e3 50. f7 e2 51. Rb1 Ke3 52. f8=Q Rxf8 53. Kxf8 Kd2 54. a4 Kc2 55. Re1 Kd2 56. Rxe2+ Kxe2 57. b5 axb5 58. axb5 1-0


[Site "https://www.chess.com"]

[Event "Titled Tuesday Blitz March 07 Early 2023"]
[White "Volkov, Sergey"]
[Black "Kucuksari, Kaan"]
[WhiteFideId "4122763"]
[BlackFideId "6380166"]
[WhiteElo "2401"]
[BlackElo "2364"]
[Result "1-0"]
[Round "06"]
[TimeControl "180+2"]
[Date "2023.03.07"]
[WhiteClock "0:01:20"]
[BlackClock "0:00:04"]

1. d4 Nf6 2. c4 e6 3. Nf3 b6 4. g3 Bb7 5. Bg2 Be7 6. O-O O-O 7. Re1 d5 8. cxd5 exd5 9. Bf4 Nbd7 10. Nc3 c5 11. Nb5 Bc6 12. Bc7 Qc8 13. Bd6 Qd8 14. Bxe7 Qxe7 15. a4 Ne4 16. e3 a6 17. Nc3 Bb7 18. Nd2 Nxd2 19. Qxd2 Nf6 20. a5 bxa5 21. Na4 cxd4 22. exd4 Qb4 23. Qc3 Ne4 24. Bxe4 dxe4 25. Nc5 Bd5 26. Rxa5 Qxc3 27. bxc3 Rfc8 28. Nxe4 Bxe4 29. Rxe4 Rxc3 30. Rxa6 Rd8 31. Rd6 Rb8 32. Re7 Rf3 33. Kg2 Rf5 34. g4 Rf4 35. Kg3 g5 36. h4 f6 37. Rdd7 Rb3+ 38. Kh2 Rxf2+ 39. Kg1 Rc2 40. Rd8# 1-0


[Site "https://www.chess.com"]

[Event "Titled Tuesday Blitz March 07 Early 2023"]
[White "Movahed, Sina"]
[Black "Karthik Rajaa"]
[WhiteFideId "42520835"]
[BlackFideId "25035215"]
[WhiteElo "2225"]
[BlackElo "2215"]
[Result "1/2-1/2"]
[Round "06"]
[TimeControl "180+2"]
[Date "2023.03.07"]
[WhiteClock "0:00:21"]
[BlackClock "0:00:14"]

1. e4 c6 2. Nf3 d5 3. Nc3 Bg4 4. h3 Bxf3 5. Qxf3 e6 6. d3 Nd7 7. Be2 Bd6 8. O-O Ne7 9. d4 O-O 10. g3 f5 11. e5 Bc7 12. Nd1 c5 13. c3 Bb6 14. Qd3 cxd4 15. cxd4 f4 16. Bxf4 Rxf4 17. gxf4 Nf5 18. Bg4 Nxd4 19. Ne3 Qf8 20. Ng2 g6 21. h4 Qh6 22. Qh3 Nc5 23. Rad1 Nf5 24. Kh2 Rf8 25. h5 Ne4 26. hxg6 Qxh3+ 27. Bxh3 hxg6 28. Bxf5 Rxf5 29. Rd3 Bxf2 30. Rh3 g5 31. Rh6 gxf4 32. Kh3 Bg3 33. Nh4 Rxe5 34. Ng6 Rg5 35. Nxf4 Bxf4 36. Rxf4 Rg3+ 37. Kh4 Rg1 38. Rg4+ Rxg4+ 39. Kxg4 Kf7 40. Rh7+ Kf6 41. Rxb7 d4 42. Kf4 Nc5 43. Rxa7 e5+ 44. Kf3 e4+ 45. Kf4 e3 46. Kf3 Ke5 47. Ra5 Kd6 48. Ke2 Ne6 49. Kd3 Nf4+ 50. Kxd4 e2 51. Re5 Ne6+ 52. Kd3 Kxe5 53. Kxe2 Kd4 54. Kd2 Nc5 55. Kc2 Kc4 56. b3+ Kb4 57. Kb2 Nd3+ 58. Kc2 Nc5 59. Kb2 Nd3+ 60. Kb1 Ka3 61. Ka1 Nb4 62. Kb1 Nxa2 63. b4 Nxb4 1/2-1/2


[Site "https://www.chess.com"]

[Event "Titled Tuesday Blitz March 07 Early 2023"]
[White "Starozhilov, Leonid"]
[Black "Mikhailovsky, Vladimir"]
[WhiteFideId "14106752"]
[BlackFideId "34105414"]
[WhiteElo "2402"]
[BlackElo "2293"]
[Result "0-1"]
[Round "06"]
[TimeControl "180+2"]
[Date "2023.03.07"]
[WhiteClock "0:00:04"]
[BlackClock "0:00:04"]

1. e4 Nf6 2. Nc3 e5 3. Nf3 Nc6 4. Bb5 Bb4 5. Bxc6 O-O 6. d3 dxc6 7. h3 Re8 8. Bd2 Bf8 9. Ne2 c5 10. Ng3 Nd7 11. a4 Nb8 12. O-O Nc6 13. b3 f6 14. Nh2 Be6 15. f4 exf4 16. Bxf4 Bd6 17. Qd2 Bxf4 18. Qxf4 Nd4 19. Qd2 Qd6 20. Ne2 Rad8 21. Kh1 Nc6 22. Qc3 b6 23. Rf2 Nd4 24. Raf1 a5 25. Nxd4 Qxd4 26. Qe1 Qd6 27. Rf4 Qe5 28. Qf2 Qd4 29. Qg3 Qc3 30. R4f2 Kh8 31. Nf3 Rd7 32. Nh4 c4 33. bxc4 Bxc4 34. Nf5 Be6 35. Ne3 Qd4 36. Qf4 Qxa4 37. h4 Qb5 38. g4 h6 39. Kg2 Qc5 40. Qg3 a4 41. Nf5 Bxf5 42. gxf5 a3 43. c4 Red8 44. Rd1 Qb4 45. Rdd2 Qb3 46. e5 Rxd3 47. Rxd3 Qxd3 48. Qg4 Qd4 49. Qg6 Qxe5 50. Rf3 a2 51. Rg3 Qxg3+ 52. Kxg3 a1=Q 53. Qf7 Qc3+ 54. Kg4 Qd4+ 55. Kh5 Qd1+ 56. Kg6 Qg4# 0-1


[Site "https://www.chess.com"]

[Event "Titled Tuesday Blitz March 07 Early 2023"]
[White "polandchessplayer"]
[Black "Hernandez Gonzalez, William"]
[BlackFideId "3509915"]
[WhiteElo "2776"]
[BlackElo "2374"]
[Result "1/2-1/2"]
[Round "06"]
[TimeControl "180+2"]
[Date "2023.03.07"]
[WhiteClock "0:00:10"]
[BlackClock "0:00:15"]

1. c4 c5 2. g3 Nf6 3. Bg2 d5 4. cxd5 Nxd5 5. Nc3 Nc7 6. Nf3 Nc6 7. O-O e5 8. d3 Be7 9. Be3 O-O 10. Rc1 b6 11. a3 Be6 12. Ne4 Nd5 13. Bd2 Rc8 14. Re1 f6 15. Qa4 Qd7 16. Nc3 Rfd8 17. Nxd5 Bxd5 18. Bc3 Kf8 19. e3 Bxf3 20. Bxf3 Nd4 21. Qd1 Nxf3+ 22. Qxf3 Qxd3 23. Bxe5 Qd5 24. Qxd5 Rxd5 25. Bc3 c4 26. Kf1 b5 27. Ke2 Rcd8 28. Red1 Kf7 29. Rxd5 Rxd5 30. Bd4 a6 31. a4 Bc5 32. Bxc5 Rxc5 33. axb5 axb5 34. b3 c3 35. b4 Rc4 36. Kd3 Rxb4 37. Rxc3 Rb2 38. f4 Rxh2 39. Rb3 Rg2 40. Rxb5 Rxg3 41. f5 h5 42. Ke4 Kg8 43. Kf4 Rg4+ 44. Kf3 Kh7 45. e4 Kh6 46. Rb7 Rg1 47. Rc7 h4 48. Kf2 Rg4 49. Kf3 Rg1 50. Kf2 Rg5 51. Rc8 Rg3 52. Rg8 Kh5 53. Rh8+ Kg4 54. Rh7 Kf4 55. Rxh4+ Rg4 56. Rxg4+ Kxg4 57. Ke3 Kg3 58. Ke2 Kf4 59. Kd3 Kf3 60. Kd4 Kf4 61. Kd3 Kf3 62. Kd4 Kf4 63. Kd5 Ke3 64. e5 fxe5 65. Kxe5 Kf3 66. Ke6 Kg4 67. f6 gxf6 68. Kxf6 1/2-1/2


[Site "https://www.chess.com"]

[Event "Titled Tuesday Blitz March 07 Early 2023"]
[White "Zahid, Sanatan"]
[Black "Maze, Sebastien"]
[WhiteFideId "10201963"]
[BlackFideId "613762"]
[WhiteElo "1865"]
[BlackElo "2462"]
[Result "0-1"]
[Round "06"]
[TimeControl "180+2"]
[Date "2023.03.07"]
[WhiteClock "0:00:39"]
[BlackClock "0:00:14"]

1. d4 Nf6 2. Nc3 d5 3. Bf4 a6 4. e3 e6 5. g4 c5 6. g5 Nfd7 7. Nf3 Nc6 8. h4 b5 9. Ne2 Bb7 10. Ng3 Qa5+ 11. c3 b4 12. Bh3 bxc3 13. O-O cxd4 14. exd4 cxb2 15. Rb1 Ba3 16. Qb3 Qb4 17. Qxb4 Nxb4 18. Bd6 a5 19. Nh5 Rg8 20. Rfe1 Ra6 21. Bc7 Nb6 22. Nf4 Nc4 23. Ne5 Nxe5 24. Bxe5 Kd7 25. Re3 Rc8 26. Ree1 Rc1 27. Bf1 Rb6 28. Bxg7 Nc2 29. Rexc1 bxc1=Q 30. Rxb6 Kc7 31. Rb3 Ba6 32. Be5+ Bd6 33. Bxd6+ Kxd6 34. Rb6+ Kc7 35. Rxa6 Qxf4 36. Rxa5 Nxd4 37. Bg2 Ne2+ 38. Kh1 Qxh4+ 0-1


[Site "https://www.chess.com"]

[Event "Titled Tuesday Blitz March 07 Early 2023"]
[White "Kim, Sergey"]
[Black "Costachi, Mihnea"]
[WhiteFideId "13700570"]
[BlackFideId "1217518"]
[WhiteElo "2628"]
[BlackElo "2456"]
[Result "1/2-1/2"]
[Round "06"]
[TimeControl "180+2"]
[Date "2023.03.07"]
[WhiteClock "0:00:54"]
[BlackClock "0:00:20"]

1. d4 d5 2. c4 c6 3. Nf3 Nf6 4. Qc2 g6 5. e3 Bg7 6. Bd3 O-O 7. O-O b6 8. Nbd2 Bb7 9. b3 c5 10. Bb2 cxd4 11. exd4 Nc6 12. a3 Rc8 13. Rfe1 Qc7 14. c5 bxc5 15. dxc5 Rfe8 16. b4 e5 17. Bb5 e4 18. Nd4 Nxd4 19. Bxd4 Bc6 20. Bxc6 Qxc6 21. Nb3 Nh5 22. Bxg7 Nxg7 23. Nd4 Qf6 24. Rad1 Nf5 25. Nxf5 Qxf5 26. c6 a6 27. Qc5 d4 28. Qxf5 gxf5 29. Rxd4 Rxc6 30. Rd5 Rc3 31. Ra5 Re6 32. g3 Kg7 33. Re3 Rc2 34. Rxf5 Kg6 35. Rf4 f5 36. g4 fxg4 37. Rfxe4 Rxe4 38. Rxe4 Kf5 39. Re3 h5 40. h3 Ra2 41. hxg4+ hxg4 42. Kg2 Kf4 43. Rc3 Ra1 44. Rc4+ Kf5 45. Rc5+ Kf4 46. Ra5 Ra2 47. Rxa6 g3 48. Rf6+ Ke5 49. Rf3 gxf2 50. Rxf2 Rxa3 51. Rb2 Kd5 52. b5 Ra7 53. b6 Rb7 54. Kf3 Kc4 55. Rb1 Kc5 56. Ke4 Rxb6 57. Rxb6 Kxb6 1/2-1/2


[Site "https://www.chess.com"]

[Event "Titled Tuesday Blitz March 07 Early 2023"]
[White "Di Nicolantonio, Lucas"]
[Black "EREBUNI91"]
[WhiteFideId "680460"]
[WhiteElo "2358"]
[BlackElo "2732"]
[Result "0-1"]
[Round "06"]
[TimeControl "180+2"]
[Date "2023.03.07"]
[WhiteClock "0:00:05"]
[BlackClock "0:00:20"]

1. Nf3 Nf6 2. c4 b6 3. g3 Bb7 4. Bg2 e6 5. O-O Be7 6. Nc3 d5 7. Ne5 O-O 8. d4 Nbd7 9. Qa4 c6 10. Bf4 Nxe5 11. dxe5 Nd7 12. cxd5 cxd5 13. Rac1 a6 14. Rfd1 Rc8 15. e4 Nc5 16. Qd4 dxe4 17. Qe3 Qe8 18. b4 Na4 19. Nxe4 Nb2 20. Rf1 Nc4 21. Qb3 Bd5 22. Nd6 Bxd6 23. Bxd5 exd5 24. exd6 Qe6 25. Rfe1 Qf5 26. Rcd1 Rfd8 27. Qd3 Nxd6 28. Bxd6 Qxd3 29. Rxd3 Rxd6 30. Re7 Rcd8 31. Ra7 b5 32. Kg2 d4 33. Kf3 Rf6+ 34. Kg2 h6 35. h4 Rc6 36. a3 h5 37. Kf3 g6 38. Kg2 Kg7 39. Rf3 Rf6 40. Rxf6 Kxf6 41. Rxa6+ Ke5 42. a4 d3 0-1


[Site "https://www.chess.com"]

[Event "Titled Tuesday Blitz March 07 Early 2023"]
[White "Garcia Ramos, Daniel"]
[Black "Czopor, Maciej"]
[WhiteFideId "32010311"]
[BlackFideId "21805431"]
[WhiteElo "2341"]
[BlackElo "2324"]
[Result "0-1"]
[Round "06"]
[TimeControl "180+2"]
[Date "2023.03.07"]
[WhiteClock "0:01:19"]
[BlackClock "0:00:18"]

1. e4 g6 2. d4 c6 3. Nc3 Bg7 4. Nf3 d5 5. h3 dxe4 6. Nxe4 Nf6 7. Nxf6+ exf6 8. Bc4 O-O 9. O-O Nd7 10. Re1 f5 11. Bb3 Nf6 12. Bg5 h6 13. Bf4 Ne4 14. Be5 Be6 15. Bxe6 fxe6 16. Bxg7 Kxg7 17. Ne5 Qh4 18. Qf3 Rad8 19. Rad1 Rd6 20. c3 Ng5 21. Qd3 Ne4 22. Re2 Rfd8 23. Nc4 Rd5 24. Qf3 e5 25. g3 Qxh3 26. Rxe4 fxe4 27. Qxe4 Qf5 28. Qxf5 gxf5 29. Ne3 R5d7 30. Nxf5+ Kf6 31. Nxh6 exd4 32. Ng4+ Kf5 33. f3 dxc3 34. Rxd7 Rxd7 35. bxc3 Rd3 36. Kf2 Rxc3 37. Ne3+ Ke6 38. f4 Ra3 39. Kf3 Rxa2 40. g4 a5 41. g5 Ra3 42. Ke4 Rxe3+ 43. Kxe3 Kf5 44. Kd4 a4 45. Kc4 b5+ 46. Kb4 Kg6 47. Ka3 c5 48. Kb2 b4 49. Ka2 c4 50. Kb2 Kf5 51. Kb1 a3 52. Kc1 b3 53. Kb1 c3 0-1


[Site "https://www.chess.com"]

[Event "Titled Tuesday Blitz March 07 Early 2023"]
[White "Girsh, Daniel"]
[Black "Mirzoev, Azer"]
[WhiteFideId "30949190"]
[BlackFideId "13400304"]
[WhiteElo "2075"]
[BlackElo "2525"]
[Result "1-0"]
[Round "06"]
[TimeControl "180+2"]
[Date "2023.03.07"]
[WhiteClock "0:00:05"]
[BlackClock "0:00:03"]

1. e4 c5 2. Nf3 e6 3. c4 a6 4. d4 cxd4 5. Nxd4 g6 6. Nc3 Bg7 7. Be3 Ne7 8. Be2 d5 9. cxd5 exd5 10. O-O dxe4 11. Nxe4 O-O 12. Qd2 Nbc6 13. Rad1 Nxd4 14. Bxd4 Be6 15. Qc3 Nd5 16. Bxg7 Nxc3 17. Bxc3 Qc8 18. Nf6+ Kh8 19. Rd4 h5 20. Rh4 Bxa2 21. Nxh5+ Qxc3 22. bxc3 gxh5 23. Rxh5+ Kg7 24. c4 Rac8 25. Rh4 Rfe8 26. Bd3 Rcd8 27. Rh3 Rd4 28. Rc1 Bxc4 29. Rg3+ Kf8 30. Bxc4 Rxc4 31. Rb1 b5 32. Ra3 Re6 33. f3 b4 34. Ra4 Rb6 35. Rb3 Ke7 36. Kf2 Kd6 37. Ra5 Rc3 38. Rxc3 bxc3 39. Ke2 Rb2+ 40. Kd3 Rxg2 41. Rxa6+ Ke5 42. Kxc3 f5 43. Kd3 Kf4 44. Rh6 Kxf3 45. h4 f4 46. h5 Rh2 47. Rh8 Kf2 48. h6 f3 49. Ke4 Rh4+ 50. Kd3 Kf1 51. Rf8 f2 52. Ke3 Rh3+ 53. Kd2 Rxh6 54. Ke3 Re6+ 55. Kf3 1-0


[Site "https://www.chess.com"]

[Event "Titled Tuesday Blitz March 07 Early 2023"]
[White "Petukhov, Dmitry"]
[Black "Yilmaz, Mustafa"]
[WhiteFideId "4142748"]
[BlackFideId "6302718"]
[WhiteElo "2311"]
[BlackElo "2523"]
[Result "1-0"]
[Round "06"]
[TimeControl "180+2"]
[Date "2023.03.07"]
[WhiteClock "0:00:49"]
[BlackClock "0:00:28"]

1. e4 c5 2. c3 Nf6 3. e5 Nd5 4. d4 cxd4 5. Nf3 e6 6. cxd4 b6 7. Nc3 Nxc3 8. bxc3 Qc7 9. Bd2 Bb7 10. Bd3 d6 11. O-O Nd7 12. Ng5 dxe5 13. Qh5 Nf6 14. Bb5+ Kd8 15. Qxf7 Qe7 16. dxe5 Ne4 17. Rad1 Kc8 18. Qxe6+ Qxe6 19. Nxe6 Ba3 20. Be3 Kb8 21. Nd4 Nxc3 22. Rd3 Bb2 23. e6 a6 24. Bd7 Ne4 25. Rb1 Nc5 26. Rdd1 Bxd4 27. Bxd4 Ka7 28. Bxc5 bxc5 29. e7 Be4 30. Rb2 Bg6 31. Bc6 Rab8 32. Rd7+ 1-0


[Site "https://www.chess.com"]

[Event "Titled Tuesday Blitz March 07 Early 2023"]
[White "Ozen, Bahadir"]
[Black "Djokovic, Nebojsa"]
[WhiteFideId "6337058"]
[BlackFideId "938300"]
[WhiteElo "2503"]
[BlackElo "2587"]
[Result "1-0"]
[Round "06"]
[TimeControl "180+2"]
[Date "2023.03.07"]
[WhiteClock "0:00:02"]
[BlackClock "0:00:01"]

1. g3 d5 2. Nf3 Nf6 3. Bg2 e6 4. O-O Be7 5. c4 O-O 6. d4 c6 7. Nbd2 b6 8. b3 Bb7 9. Bb2 Na6 10. Rc1 Rc8 11. Ne5 c5 12. dxc5 Bxc5 13. a3 Qe7 14. b4 Bd6 15. Qa4 dxc4 16. Bxb7 Qxb7 17. Nexc4 Be7 18. Qb3 Rfd8 19. Rfd1 Nc7 20. Ne5 Nb5 21. Ndf3 Rxc1 22. Rxc1 Rc8 23. Rd1 Rd8 24. Rxd8+ Bxd8 25. Ng5 Nd6 26. Qd3 Qd5 27. Qc2 h6 28. Ngf3 Nde4 29. Nc6 Kf8 30. Nxd8 Qxd8 31. Ne5 Kg8 32. f3 Nd6 33. e4 Nde8 34. Kf2 Qd6 35. Ke2 Nc7 36. Qc6 Qe7 37. Qb7 Nfe8 38. Qxa7 Qd6 39. Qb7 f6 40. Nd3 e5 41. Qc8 Kh7 42. Qh3 Qe7 43. Qf1 Ne6 44. Qc1 Nd6 45. Qc2 b5 46. Qd2 Nc4 47. Qc1 Qa7 48. Bc3 Nd4+ 49. Bxd4 Qxd4 50. h3 g6 51. h4 f5 52. Nf2 f4 53. gxf4 exf4 54. Qxf4 Qb2+ 55. Kf1 h5 56. Qc7+ Kh6 57. Qf4+ Kh7 58. Nh3 Nd2+ 59. Ke2 Nc4+ 60. Kf1 1-0


[Site "https://www.chess.com"]

[Event "Titled Tuesday Blitz March 07 Early 2023"]
[White "Shapiro, Viktor"]
[Black "Zhigalko, Sergei"]
[WhiteFideId "4175700"]
[BlackFideId "13502956"]
[WhiteElo "2152"]
[BlackElo "2626"]
[Result "0-1"]
[Round "06"]
[TimeControl "180+2"]
[Date "2023.03.07"]
[WhiteClock "0:02:05"]
[BlackClock "0:01:35"]

1. c4 e5 2. Nc3 Nf6 3. g3 c6 4. Bg2 d5 5. cxd5 cxd5 6. Qb3 Be6 7. Qxb7 Nbd7 8. Nf3 Nc5 9. Qb5+ Bd7 10. Nxe5 Bxb5 11. Nxb5 Qb8 0-1


[Site "https://www.chess.com"]

[Event "Titled Tuesday Blitz March 07 Early 2023"]
[White "Crevatin, Leo"]
[Black "Pakleza, Zbigniew"]
[WhiteFideId "1726307"]
[BlackFideId "1119290"]
[WhiteElo "2190"]
[BlackElo "2410"]
[Result "1-0"]
[Round "06"]
[TimeControl "180+2"]
[Date "2023.03.07"]
[WhiteClock "0:02:01"]
[BlackClock "0:00:28"]

1. d4 d6 2. Nf3 Bg4 3. g3 Bxf3 4. exf3 e6 5. Bg2 c6 6. O-O Ne7 7. f4 g6 8. Nd2 Bg7 9. Nf3 O-O 10. c3 Nd7 11. Re1 Re8 12. Qc2 Rc8 13. Bd2 c5 14. dxc5 Nxc5 15. Rad1 Qb6 16. Be3 Qa6 17. Bd4 Red8 18. Bxg7 Kxg7 19. a3 Qa4 20. Qe2 a6 21. Rd4 Qe8 22. Red1 d5 23. Ne5 Nf5 24. R4d2 Nd6 25. c4 Nxc4 26. Nxc4 dxc4 27. Qxc4 Rxd2 28. Rxd2 b5 29. Qc3+ Kg8 30. Rc2 1-0


[Site "https://www.chess.com"]

[Event "Titled Tuesday Blitz March 07 Early 2023"]
[White "Sekar, B"]
[Black "Hayrapetyan, Hovik"]
[WhiteFideId "5043743"]
[BlackFideId "13302639"]
[WhiteElo "2258"]
[BlackElo "2348"]
[Result "0-1"]
[Round "06"]
[TimeControl "180+2"]
[Date "2023.03.07"]
[WhiteClock "0:00:03"]
[BlackClock "0:00:16"]

1. e4 c5 2. Nf3 d6 3. d4 cxd4 4. Nxd4 Nf6 5. Nc3 a6 6. Be2 e5 7. Nb3 Be7 8. O-O O-O 9. Re1 Be6 10. Bf3 Nbd7 11. a4 Rc8 12. Be3 Nb6 13. Na5 Qc7 14. h3 Rfd8 15. Qe2 Nc4 16. Nxc4 Bxc4 17. Qd2 Qc6 18. a5 d5 19. Bb6 dxe4 20. Bxd8 Rxd8 21. Nxe4 Rxd2 22. Nxd2 Bd5 23. Rxe5 Bxf3 24. Nxf3 Bd6 25. Re2 h6 26. c3 Nd5 27. Nd4 Qc7 28. g3 Bc5 29. Rd1 Bxd4 30. Rxd4 Nf6 31. Red2 Qxa5 32. Rd8+ Kh7 33. Rf8 Qc7 34. h4 Qe7 35. Rfd8 a5 36. R8d4 b5 37. Kf1 h5 38. Re2 Qb7 39. Kg1 Qc7 40. Red2 Qe5 41. Kf1 Qf5 42. Re2 Qh3+ 43. Kg1 Ng4 44. Red2 Qh2+ 45. Kf1 Qh1+ 46. Ke2 Nh2 47. Kd3 Nf3 48. Kc2 Nxd4+ 49. Rxd4 Qe1 50. Rf4 f6 51. Rf5 Qe4+ 0-1


[Site "https://www.chess.com"]

[Event "Titled Tuesday Blitz March 07 Early 2023"]
[White "Smirnov, Pavel"]
[Black "Borrmann, Laurenz"]
[WhiteFideId "4123425"]
[BlackFideId "312187930"]
[WhiteElo "2519"]
[BlackElo "2312"]
[Result "1-0"]
[Round "06"]
[TimeControl "180+2"]
[Date "2023.03.07"]
[WhiteClock "0:02:12"]
[BlackClock "0:00:33"]

1. d4 f5 2. g3 Nf6 3. Bg2 e6 4. Nf3 d5 5. O-O Be7 6. c4 Ne4 7. Qc2 Nc6 8. b3 h5 9. Nc3 h4 10. e3 hxg3 11. fxg3 Bb4 12. Ne2 g5 13. c5 g4 14. Nh4 Rxh4 15. gxh4 Qxh4 16. a3 Bxc5 17. dxc5 Ne5 18. Bb2 Nf3+ 19. Bxf3 gxf3 20. Rxf3 Qg4+ 21. Rg3 Nxg3 22. Nxg3 Qg5 23. Qf2 Ke7 24. Qf4 Qg6 25. Qxc7+ Bd7 26. Qd6+ Ke8 27. Rf1 1-0


[Site "https://www.chess.com"]

[Event "Titled Tuesday Blitz March 07 Early 2023"]
[White "Boyer, Mahel"]
[Black "Krstulovic, Alex"]
[WhiteFideId "45102422"]
[BlackFideId "760056"]
[WhiteElo "2439"]
[BlackElo "2311"]
[Result "0-1"]
[Round "06"]
[TimeControl "180+2"]
[Date "2023.03.07"]
[WhiteClock "0:00:01"]
[BlackClock "0:02:08"]

1. e4 e5 2. Nf3 Nf6 3. Nxe5 Nxe4 4. Qe2 Qe7 5. Qxe4 d6 6. d4 dxe5 7. dxe5 Nc6 8. Bb5 Bd7 9. Nc3 O-O-O 10. Bf4 g5 11. Bg3 a6 12. Ba4 Re8 13. O-O-O f5 14. Qc4 f4 15. Rhe1 Qb4 16. Qf7 Re7 17. Qf6 Bg7 18. Qxg5 fxg3 19. Nd5 Qxa4 20. Nxe7+ Nxe7 21. Qxe7 Bh6+ 22. Kb1 gxf2 23. Rf1 Re8 24. Qf7 Be3 25. e6 Bxe6 26. Qf3 Qxa2# 0-1


[Site "https://www.chess.com"]